Cogmind - Beta 12 @@@ ROGUE MODE // 2023.03.06 @ 17:50:55 Player: tourn Result: Destroyed by GM-MQ2(z) with Makeshift Laser Performance ------------- Evolutions (3) 1500 Regions Visited (9) 1800 Robots Destroyed (111) 555 Value Destroyed (3435) 3435 Prototype IDs (29) 580 Alien Tech Used (0) 0 Bonus (834) 834 TOTAL SCORE: 8704 Bonus ------- High Alert Combat Kills 287 Follower Combat Kills 105 Aligned with FarCom 300 Met Imprinter 300 Friendly Fire -158 Cogmind --------- Core Integrity 0/700 Matter 213/300 Energy 84/100 System Corruption 6% Temperature Cool (18) Movement Core (50) Location -7/Zion Parts ------- > --- POWER (2) -------- (None) > --- PROPULSION (3) --- (None) > --- UTILITY (5) ------ (None) > --- WEAPON (3) ------- (None) > --- INVENTORY (5) ---- Makeshift Power Source Assault Cannon Advanced Assault Cannon Heavy Missile Launcher Makeshift Axe Peak State ------------ > --- POWER ------------ Improved Deuterium Engine Makeshift Power Source > --- PROPULSION ------- Light Treads Medium Treads Armored Wheel > --- UTILITY ---------- Advanced Heat Sink Medium Storage Unit Improved Medium Armor Plating Hacking Suite Hacking Drone Bay > --- WEAPON ----------- Lightning Gun Gauss Rifle Flak Gun > --- INVENTORY -------- Makeshift Power Source Aluminum Leg Lightning Gun Assault Cannon Advanced Assault Cannon Heavy Missile Launcher Enhanced Flamer Chainsword Makeshift Axe [Rating: 52] Favorites ----------- Power Light Nuclear Core Engine Improved Deuterium Engine Power Core Light Nuclear Core Propulsion Aluminum Leg Treads Medium Treads Leg Aluminum Leg Wheel Armored Wheel Utility Medium Storage Unit Device Improved Heat Sink Storage Medium Storage Unit Processor Targeting Computer Hackware Hacking Suite Protection Improved Medium Armor Plating Weapon Autogun Energy Gun Cooled Pulse Rifle Ballistic Gun Autogun Ballistic Cannon Assault Cannon Launcher Missile Launcher Special Weapon Enhanced Flamer Slashing Weapon Makeshift Axe Build | -11 -10 -10 -10 -9 -8 -7 -7 -7 -7 ------- Run | Jun Mat Min Exi Min Mat Fac Low Low Zio Slots Evolved 6 | . . . . . 4 2 . . . Power 1 | . . . . . . 1 . . . Propulsion 1 | . . . . . 1 . . . . Utility 3 | . . . . . 2 1 . . . Weapon 1 | . . . . . 1 . . . . Parts Attached 122 | . 2 2 . 2 19 66 6 10 15 Power 14 | . . 1 . . 2 5 1 5 . Engine 7 | . . . . . . 3 1 3 . Core 7 | . . 1 . . 2 2 . 2 . Reactor . | . . . . . . . . . . Propulsion 25 | . . 1 . 1 5 12 3 . 3 Treads 7 | . . . . . 1 2 1 . 3 Leg 14 | . . 1 . 1 3 8 1 . . Wheel 4 | . . . . . 1 2 1 . . Hover . | . . . . . . . . . . Flight . | . . . . . . . . . . Utility 30 | . 1 . . . 2 22 . 3 2 Device 17 | . . . . . 1 13 . 2 1 Storage 1 | . . . . . 1 . . . . Processor 2 | . 1 . . . . 1 . . . Hackware 1 | . . . . . . 1 . . . Protection 9 | . . . . . . 7 . 1 1 Artifact . | . . . . . . . . . . Weapon 53 | . 1 . . 1 10 27 2 2 10 Energy Gun 15 | . . . . . 7 6 . 1 1 Energy Cannon . | . . . . . . . . . . Ballistic Gun 19 | . 1 . . 1 . 12 1 1 3 Ballistic Cannon 2 | . . . . . . . . . 2 Launcher 10 | . . . . . 3 5 1 . 1 Special Weapon 1 | . . . . . . . . . 1 Impact Weapon . | . . . . . . . . . . Slashing Weapon 6 | . . . . . . 4 . . 2 Piercing Weapon . | . . . . . . . . . . Special Melee Weapon . | . . . . . . . . . . Unidentified Prototypes 6 | . . . . . 1 3 . . 2 Parts Lost 34 | . . . . . 1 12 5 7 9 Power 6 | . . . . . 1 2 1 2 . Propulsion 8 | . . . . . . 2 3 . 3 Utility 8 | . . . . . . 3 . 3 2 Weapon 12 | . . . . . . 5 1 2 4 Highest Loss Streak 6 | . . . . . 1 5 4 4 6 To Critical Strikes 1 | . . . . . . . 1 . . Average Slot Usage (%) 94 | . 95 100 100 100 89 93 95 95 98 Engine 4 | . 14 1 . . . 5 2 9 15 Core 8 | . . 12 14 14 8 9 11 3 . Treads 2 | . . . . . . 2 2 7 8 Leg 16 | . 28 28 28 28 23 13 16 7 5 Wheel 3 | . . . . . 3 3 2 7 7 Device 10 | . . . . . 9 16 7 11 15 Storage 8 | . 14 14 14 14 9 7 7 7 7 Processor 5 | . 9 14 14 14 9 6 . . . Hackware 2 | . . . . . . 1 7 7 7 Protection 4 | . . . . . . 3 15 8 6 Energy Gun 9 | . 14 14 14 5 11 9 9 6 6 Ballistic Gun 13 | . 14 14 14 22 15 12 9 15 9 Naked Turns . | . . . . . . . . . . Heaviest Build 51 | 14 15 15 15 16 41 51 51 49 49 Greatest Support 48 | 20 20 20 20 20 30 48 40 12 12 Greatest Overweight (x) 4 | . . . . . 4 4 4 4 4 Average Overweight (x) 1 | . . . . . 1 . 2 2 3 Largest Inventory Capacity 10 | 8 8 8 8 8 10 10 10 10 10 Average Capacity 9 | 8 8 8 8 8 8 10 10 10 9 Most Carried 10 | 6 8 8 8 8 10 10 10 10 10 Average Carried 8 | 6 7 7 7 7 8 9 8 8 9 Final Capacity 10 | 8 8 8 8 8 10 10 10 10 5 Final Carried 10 | 6 8 7 8 8 9 10 10 10 5 Class Distribution -------------------- 34% | Mutant 17% | Skirmisher 15% | Tank 13% | Gunner 9% | Scavenger-Tank 6% | Scavenger-Gunner Dominant Class ---------------- Mutant | -10/Materials Mutant | -10/Mines Mutant | -10/Exiles Mutant | -9/Mines Skirmisher | -8/Materials Gunner | -7/Factory Mutant | -7/Lower Caves Tank | -7/Lower Caves Mutant | -7/Zion Resources | -11 -10 -10 -10 -9 -8 -7 -7 -7 -7 ----------- Run | Jun Mat Min Exi Min Mat Fac Low Low Zio Matter Collected 3046 | 200 37 48 . 10 664 1282 362 296 147 Remotely . | . . . . . . . . . . Salvage Created 3741 | . 94 103 . . 1062 1713 229 337 203 Parts 203 | . 7 2 . . 64 84 17 12 17 Haulers Intercepted 2 | . 1 . . . . 1 . . . Recyclers Shooed 6 | . 1 . . . 2 3 . . . Parts Field Recycled . | . . . . . . . . . . Retrieved Matter . | . . . . . . . . . . Parts Self-Destructed 21 | . . . . . . . 14 7 . Prevented 2 | . . . . . . . . 2 . Kills | -11 -10 -10 -10 -9 -8 -7 -7 -7 -7 ------- Run | Jun Mat Min Exi Min Mat Fac Low Low Zio Combat Hostiles Destroyed 79 | . 2 2 . . 24 34 7 8 2 Melee 1 | . . . . . . 1 . . . Guns 59 | . 2 2 . . 16 24 5 8 2 AOE 18 | . . . . . 8 8 2 . . Classes Destroyed 17 | . 3 1 . . 5 4 . 1 3 Worker 4 | . . . . . 1 3 . . . Builder 3 | . . . . . . 3 . . . Tunneler 3 | . . . . . 1 2 . . . Hauler 2 | . 1 . . . . 1 . . . Recycler 8 | . . . . . 3 5 . . . Operator 2 | . 1 . . . 1 . . . . Watcher 3 | . . . . . 2 1 . . . Swarmer 25 | . 2 . . . 12 3 4 4 . Grunt 29 | . . 2 . . 6 18 . 3 . Brawler 1 | . . . . . . . . 1 . Duelist 3 | . . . . . . 3 . . . Sentry 13 | . . . . . 7 5 1 . . Hunter 2 | . . . . . . 1 1 . . Programmer 5 | . . . . . . 4 1 . . Zionite 6 | . . . . . . . . . 6 Martyr 1 | . . . . . . . . . 1 Mutant 1 | . . . . . . . . . 1 Best Kill Streak 8 | . 2 2 . . 5 8 2 4 4 Combat Bots Only 4 | . 2 2 . . 4 4 2 4 1 Max Kills in Single Turn 4 | . 1 1 . . 4 2 1 1 2 Gunslinging . | . . . . . . . . . . Exploded 4 | . . . . . 4 2 1 . . Melee 1 | . . . . . . 1 . . . Uniques/NPCs Destroyed . | . . . . . . . . . . Combat | -11 -10 -10 -10 -9 -8 -7 -7 -7 -7 -------- Run | Jun Mat Min Exi Min Mat Fac Low Low Zio Damage Taken 5980 | . 14 107 . . 646 2897 631 811 874 Core 779 | . 6 39 . . 32 379 67 130 126 Absorbed by Shields 575 | . . . . . . 488 . . 87 Core Remaining (%) 92 | 100 . . . 82 94 . . . . Volleys Fired 245 | . 5 7 . . 69 109 19 20 16 Largest 3 | . 2 2 . . 3 3 3 3 3 Hottest 173 | . 73 73 . . 149 173 103 111 163 Shots Fired 639 | . 10 14 . . 162 305 42 62 44 Gun 619 | . 10 14 . . 155 297 40 62 41 Cannon . | . . . . . . . . . . Launcher 17 | . . . . . 7 8 2 . . Special 3 | . . . . . . . . . 3 Kinetic 351 | . 5 7 . . 95 159 17 42 26 Thermal 221 | . 5 7 . . 49 136 16 5 3 Explosive 17 | . . . . . 7 8 2 . . Electromagnetic 50 | . . . . . 11 2 7 15 15 Robot Hit Streak 20 | . 5 6 . . 18 20 6 10 10 Robot Miss Streak 9 | . 1 1 . . 4 7 2 9 4 Penetration Max 1 | . . . . . . 1 . . 1 Secondary Targets 3 | . . . . . 1 . . 1 1 Max Gunslinging Chain 1 | . . . . . 1 . . 1 1 Shots Hit Robots 452 | . 7 11 . . 93 248 21 39 33 Core Hits 277 | . 4 4 . . 52 166 9 23 19 Critical Kills 1 | . . . . . . . . . 1 Critical Parts Destroyed . | . . . . . . . . . . Critical Strikes 9 | . . 1 . . . 6 . 1 1 Burn 4 | . . 1 . . . 3 . . . Destroy 1 | . . . . . . . . . 1 Corrupt 2 | . . . . . . 1 . 1 . Sever 2 | . . . . . . 2 . . . Melee Attacks 12 | . . . . . . 8 . . 4 Impact . | . . . . . . . . . . Slashing 12 | . . . . . . 8 . . 4 Piercing . | . . . . . . . . . . Sneak Attacks . | . . . . . . . . . . Combat Hostiles . | . . . . . . . . . . Follow-up Attacks . | . . . . . . . . . . Damage Inflicted 9690 | . 99 148 . . 1974 5526 643 646 654 Guns 7771 | . 99 148 . . 1476 4376 443 646 583 Cannons . | . . . . . . . . . . Explosions 1659 | . . . . . 498 923 200 . 38 Melee 227 | . . . . . . 227 . . . Ramming . | . . . . . . . . . . Kinetic 4252 | . 51 85 . . 794 2353 145 457 367 Thermal 3042 | . 48 63 . . 607 1982 252 19 71 Explosive 1594 | . . . . . 471 923 200 . . Electromagnetic 575 | . . . . . 102 41 46 170 216 Impact . | . . . . . . . . . . Slashing 227 | . . . . . . 227 . . . Piercing . | . . . . . . . . . . Highest Corruption 12 | . . . . . . 7 7 12 12 Average Corruption 6 | . . . . . . 2 7 10 6 Corruption Purged . | . . . . . . . . . . Corruption Blocked . | . . . . . . . . . . Effects 97 | . . . . . . 20 35 33 9 Message Errors 28 | . . . . . . 3 11 12 2 Matter Fused 15 | . . . . . . 3 5 5 2 Heat Flow Errors 12 | . . . . . . 3 3 5 1 Energy Discharges 8 | . . . . . . 1 4 3 . Parts Rejected 1 | . . . . . . . 1 . . Data Loss (minor) 15 | . . . . . . 3 6 3 3 Data Loss (major) 5 | . . . . . . 3 1 1 . Misfires 6 | . . . . . . 2 1 2 1 Alerts 4 | . . . . . . 1 1 2 . Weapon Failures 3 | . . . . . . 1 2 . . Overload Shots 9 | . . . . . . . 9 . . Overflow Damage 103 | . . . . . 4 98 1 . . Projectiles . | . . . . . . . . . . Explosions 103 | . . . . . 4 98 1 . . Melee . | . . . . . . . . . . Knockbacks . | . . . . . . . . . . Impact . | . . . . . . . . . . Kinetic . | . . . . . . . . . . Secondary . | . . . . . . . . . . Self-Inflicted Damage 560 | . . . . . . 456 44 . 60 Shots 12 | . . . . . . 10 1 . 1 Rammed . | . . . . . . . . . . Targets Rammed . | . . . . . . . . . . Kicked . | . . . . . . . . . . Crushed . | . . . . . . . . . . Highest Temperature 363 | . 32 204 . . 309 363 256 280 153 Average Temperature 76 | . 13 108 . . 84 71 89 107 21 Received Heat Transfer 1210 | . . 60 . . 243 682 12 132 81 Effects 8 | . . . . . 4 . 3 1 . Energy Bleed 1 | . . . . . . . . 1 . Interference 7 | . . . . . 4 . 3 . . Siege Activations . | . . . . . . . . . . Robots Corrupted . | . . . . . . . . . . Combat Hostiles . | . . . . . . . . . . Parts Fried 1 | . . . . . . . . 1 . Impact Corruptions . | . . . . . . . . . . Robots Melted 1 | . . . . . . 1 . . . Combat Hostiles 1 | . . . . . . 1 . . . Parts Melted 6 | . . . . . 1 5 . . . Heat Transferred 6826 | . 148 259 . . 1345 4412 385 37 240 Parts Sabotaged . | . . . . . . . . . . Parts Stolen 3 | . . . . . . . . 3 . Parts Stripped . | . . . . . . . . . . Power Chain Reactions 2 | . . . . . 1 . . . 1 Missiles Intercepted . | . . . . . . . . . . Alert | -11 -10 -10 -10 -9 -8 -7 -7 -7 -7 ------- Run | Jun Mat Min Exi Min Mat Fac Low Low Zio Peak Influence 835 | . 107 106 . . 656 835 . . . Initial 211 | . . 41 . . . 211 . . . Average 296 | . 57 12 . . 368 352 . . . Maximum Alert Level 3 | . . . . . 2 3 . . . Low Security (%) 30 | 100 100 100 . 100 5 22 . . . Level 1 36 | . . . . . 53 38 . . . Level 2 28 | . . . . . 40 30 . . . Level 3 4 | . . . . . . 8 . . . Level 4 . | . . . . . . . . . . Level 5 . | . . . . . . . . . . High Security . | . . . . . . . . . . Max Security . | . . . . . . . . . . Squads Dispatched 12 | . . . . . 4 8 . . . Investigation 3 | . . . . . 2 1 . . . Extermination 3 | . . . . . . 3 . . . Reinforcement 2 | . . . . . 1 1 . . . Assault . | . . . . . . . . . . Garrison 4 | . . . . . 1 3 . . . Intercept . | . . . . . . . . . . Searches Triggered . | . . . . . . . . . . Construction Impeded . | . . . . . . . . . . Haulers Reinforced . | . . . . . . . . . . Active Scanning Responses . | . . . . . . . . . . Cargo Convoy Interrupts . | . . . . . . . . . . Stealth | -11 -10 -10 -10 -9 -8 -7 -7 -7 -7 --------- Run | Jun Mat Min Exi Min Mat Fac Low Low Zio Distress Signals 3 | . . . . . 3 . . . . Communications Jammed . | . . . . . . . . . . Distress Signals . | . . . . . . . . . . Times Spotted 135 | . 9 2 . . 42 45 7 15 15 Peak Tracking Total 7 | . 4 2 . . 7 7 4 6 6 Tactical Retreats 8 | . . . . . 3 2 . 3 . Traps | -11 -10 -10 -10 -9 -8 -7 -7 -7 -7 ------- Run | Jun Mat Min Exi Min Mat Fac Low Low Zio Traps Triggered 3 | . . . . . . 3 . . . Indirectly . | . . . . . . . . . . Trap Hack Attempts . | . . . . . . . . . . Triggered . | . . . . . . . . . . Disarmed . | . . . . . . . . . . Reprogrammed . | . . . . . . . . . . Reused . | . . . . . . . . . . Traps Extracted . | . . . . . . . . . . Installed . | . . . . . . . . . . Triggered . | . . . . . . . . . . Machines | -11 -10 -10 -10 -9 -8 -7 -7 -7 -7 ---------- Run | Jun Mat Min Exi Min Mat Fac Low Low Zio Machines Disabled 7 | . . . . . 1 6 . . . Max in Single Turn 4 | . . . . . 1 4 . . . Garrison Access 1 | . . . . . 1 . . . . Machines Repaired . | . . . . . . . . . . Machines Sabotaged . | . . . . . . . . . . Overloaded Fab Kills . | . . . . . . . . . . Hacking | -11 -10 -10 -10 -9 -8 -7 -7 -7 -7 --------- Run | Jun Mat Min Exi Min Mat Fac Low Low Zio Machines Accessed 16 | . 1 1 2 1 6 4 . 1 . Terminals 10 | . 1 1 . . 5 3 . . . Fabricators . | . . . . . . . . . . Repair Stations . | . . . . . . . . . . Recycling Units . | . . . . . . . . . . Scanalyzers . | . . . . . . . . . . Garrison Access 2 | . . . . . 1 1 . . . Total Hacks 38 | . 2 2 2 1 21 9 . 1 . Successful 14 | . 2 2 2 1 5 1 . 1 . Failed 24 | . . . . . 16 8 . . . Catastrophic 6 | . . . . . 3 3 . . . Database Lockouts . | . . . . . . . . . . Manual 25 | . 1 1 1 . 17 5 . . . Terminals 28 | . 2 2 . . 18 6 . . . Fabricators . | . . . . . . . . . . Repair Stations . | . . . . . . . . . . Recycling Units . | . . . . . . . . . . Scanalyzers . | . . . . . . . . . . Garrison Access 6 | . . . . . 3 3 . . . Terminal Hacks 10 | . 1 2 2 1 2 1 . 1 . Record 1 | . . . 1 . . . . . . Open Door 2 | . . . . 1 . . . 1 . Branch Access Points 2 | . . . . . 1 1 . . . Unreport Threat 2 | . . 1 . . 1 . . . . Zone Layout 2 | . 1 1 . . . . . . . EX-Prototype ID Bank 1 | . . . 1 . . . . . . Fabricator Hacks . | . . . . . . . . . . Repair Station Hacks . | . . . . . . . . . . Recycling Unit Hacks . | . . . . . . . . . . Scanalyzer . | . . . . . . . . . . Garrison Access Hacks . | . . . . . . . . . . Unauthorized Hacks 4 | . 1 . . . 3 . . . . Terminals 3 | . 1 . . . 2 . . . . Botnet 3 | . 1 . . . 2 . . . . Fabricators . | . . . . . . . . . . Repair Stations . | . . . . . . . . . . Recycling Units . | . . . . . . . . . . Scanalyzers . | . . . . . . . . . . Garrison Access 1 | . . . . . 1 . . . . Jam 1 | . . . . . 1 . . . . Data Cores Recovered 1 | . 1 . . . . . . . . Used . | . . . . . . . . . . Hacking Detections 10 | . . 1 . . 6 3 . . . Full Trace Events 2 | . . . . . 1 1 . . . Feedback Events . | . . . . . . . . . . Feedback Blocked . | . . . . . . . . . . Robot Schematics Acquired 3 | . . . . . . . . . 3 Robots Built . | . . . . . . . . . . Authchips . | . . . . . . . . . . Time . | . . . . . . . . . . Total Robot Build Rating . | . . . . . . . . . . Part Schematics Acquired 14 | . . . . . . . . . 14 Parts Built . | . . . . . . . . . . Authchips . | . . . . . . . . . . Time . | . . . . . . . . . . Total Part Build Rating . | . . . . . . . . . . Parts Repaired . | . . . . . . . . . . Time . | . . . . . . . . . . Parts Recycled . | . . . . . . . . . . Recycled Matter . | . . . . . . . . . . Retrieved Matter . | . . . . . . . . . . Retrieved Components . | . . . . . . . . . . Parts Scanalyzed . | . . . . . . . . . . Part Schematics Acquired . | . . . . . . . . . . Parts Damaged . | . . . . . . . . . . Bothacking | -11 -10 -10 -10 -9 -8 -7 -7 -7 -7 ------------ Run | Jun Mat Min Exi Min Mat Fac Low Low Zio Used RIF Installer . | . . . . . . . . . . Robots Hacked . | . . . . . . . . . . Non-combat . | . . . . . . . . . . Combat . | . . . . . . . . . . Robot Hacks Applied . | . . . . . . . . . . Relay Couplers Released 4 | . . . . . . 4 . . . Programmers 4 | . . . . . . 4 . . . Fabnet Peak Effective % . | . . . . . . . . . . Robots Rewired 1 | . . . . . . 1 . . . Allies Hacked . | . . . . . . . . . . Hacks Repelled . | . . . . . . . . . . Allies | -11 -10 -10 -10 -9 -8 -7 -7 -7 -7 -------- Run | Jun Mat Min Exi Min Mat Fac Low Low Zio Total Allies 4 | . . . . 3 . 1 . . . Largest Group 3 | . . . . 3 3 1 . . . Highest-Rated Group 40 | . . . . 40 40 12 . . . Highest-Rated Ally 16 | . . . . 16 16 12 . . . Total Orders 2 | . . . . . 2 . . . . ROAM 1 | . . . . . 1 . . . . RETURN 1 | . . . . . 1 . . . . Ally Attacks 35 | . . . . . 34 1 . . . Total Damage 323 | . . . . . 306 17 . . . Kills 3 | . . . . . 3 . . . . Allies Corrupted 1 | . . . . . 1 . . . . Allies Melted . | . . . . . . . . . . Intel | -11 -10 -10 -10 -9 -8 -7 -7 -7 -7 ------- Run | Jun Mat Min Exi Min Mat Fac Low Low Zio Robot Analysis Total . | . . . . . . . . . . Derelict Logs Recovered 5 | . . 1 . 1 . . 2 1 . Drone Launches 11 | . . . . . 11 . . . . Drone Recoveries 6 | . . . . . 6 . . . . Exploration | -11 -10 -10 -10 -9 -8 -7 -7 -7 -7 ------------- Run | Jun Mat Min Exi Min Mat Fac Low Low Zio Turns Passed 8558 | 3 281 254 567 404 1770 2398 1142 800 939 Spaces Moved 5256 | 3 205 193 470 327 917 1384 634 529 594 Core 1 | . . . . . . . . . 1 Treads 13 | . . . . . . 13 . . . Legs 2708 | 3 205 193 470 327 518 655 337 . . Wheels 2534 | . . . . . 399 716 297 529 593 Hover . | . . . . . . . . . . Flight . | . . . . . . . . . . Fastest Speed 50 | 120 120 120 120 120 125 100 135 120 50 Average Speed 139 | 120 120 120 120 120 161 129 168 133 143 Slowest Speed 190 | 120 120 120 120 120 190 190 190 150 150 Overloaded Moves . | . . . . . . . . . . Propulsion Burnouts . | . . . . . . . . . . Robots Hopped . | . . . . . . . . . . Cave-ins Triggered . | . . . . . . . . . . Exploration Rate (%) 58 | 2 51 40 87 80 73 37 81 69 66 Regions Visited 9 Branch Regions 6 Pre-discovered Areas 3 | . . 1 1 . . . . . 1 Known Exits Taken 1 | . . . . . . 1 . . . Unknown Exits Taken 8 | 1 1 1 1 1 1 . 1 1 . Scrap Searched 11 | . . 1 . 3 . . 3 2 2 Spaces Dug 35 | . . . . . 7 19 9 . . Terrain Destroyed 206 | . . . . . 67 112 25 2 . Melee 3 | . . . . . . 3 . . . Projectile 7 | . . . . . . . 5 2 . AOE 196 | . . . . . 67 109 20 . . Terrain Rammed . | . . . . . . . . . . Walls Destroyed . | . . . . . . . . . . Machines Disabled . | . . . . . . . . . . Actions | -11 -10 -10 -10 -9 -8 -7 -7 -7 -7 --------- Run | Jun Mat Min Exi Min Mat Fac Low Low Zio Total 5960 | 2 236 204 474 340 1092 1730 667 575 640 Wait 201 | . 10 . . 5 69 107 5 5 . Move 5247 | 2 204 192 469 326 916 1383 633 528 594 Hop . | . . . . . . . . . . Pick Up 55 | . 8 . 3 3 8 16 4 8 5 Fast Attach 41 | . 1 1 . . 5 25 2 4 3 Attach 27 | . . . . 1 3 10 4 3 6 Detach 5 | . . . . . . 4 . . 1 Swap 54 | . 1 1 . 1 11 31 . 3 6 Drop 61 | . 7 3 2 4 11 25 . 4 5 Fire 245 | . 5 7 . . 69 109 19 20 16 Melee 12 | . . . . . . 8 . . 4 Ram . | . . . . . . . . . . Kick . | . . . . . . . . . . Crush . | . . . . . . . . . . Escape Stasis . | . . . . . . . . . . Rewire 12 | . . . . . . 12 . . . Trap . | . . . . . . . . . . Miscellaneous . | . . . . . . . . . . Route ------- -11/Junkyard -10/Materials (discovered 3 exits: [*Mat] / *Min x2) -10/Mines (discovered 2 exits: [Mat] / *Exi) -10/Exiles -9/Mines (discovered 2 exits: *Mat x2) -8/Materials -7/Factory (discovered 3 exits: *Fac / *Low x2) -7/Lower Caves -7/Lower Caves -7/Zion (discovered 1 exit: [*Pro]) History --------- Turn | Location | Event 1 | -11/Junkyard | Discovered new exit (range 3) 4 | -11/Junkyard | Entered Materials 168 | -10/Materials | Discovered new exit (range 10) 272 | -10/Materials | Discovered new exit (range 3) 275 | -10/Materials | Discovered new exit (range 10) 285 | -10/Materials | Entered Mines 308 | -10/Mines | Build established: Mutant 321 | -10/Mines | Discovered new exit (range 13) 367 | -10/Mines | Learned location of Mines (-9) 393 | -10/Mines | Deemed a non-threat by the Exiles lab entrance 393 | -10/Mines | Discovered new exit (range 5) 470 | -10/Mines | Assembled infested the area 539 | -10/Mines | Entered Exiles 569 | -10/Exiles | Met 8R-AWN 589 | -10/Exiles | Met EX-HEX 628 | -10/Exiles | Met EX-BIN 643 | -10/Exiles | Aligned with FarCom system 644 | -10/Exiles | Given EX-Vault access code 675 | -10/Exiles | Opened EX-Vault 683 | -10/Exiles | Found Longsword +1 707 | -10/Exiles | Warned to stay clear of 0b10 Research branches 733 | -10/Exiles | Found Gui. Plasma Cannon 736 | -10/Exiles | Found Superbattery 800 | -10/Exiles | Met EX-DEC 822 | -10/Exiles | Learned location of Zion (-7) 931 | -10/Exiles | Visited The Gauntlet 1092 | -10/Exiles | Discovered new exit (range 14) 1106 | -10/Exiles | Stole three prototypes: Longsword +1, Gui. Plasma Cannon, Superbattery 1106 | -10/Exiles | Entered Mines 1108 | -9/Mines | Assisted by bots powering up and referring to "LRC-V3" 1171 | -9/Mines | Discovered new exit (range 11) 1362 | -9/Mines | Learned Materials emergency access door positions 1473 | -9/Mines | Discovered new exit (range 7) 1488 | -9/Mines | Found the Drone Emporium 1498 | -9/Mines | Found Prototype Device 1510 | -9/Mines | Entered Materials 1510 | -8/Materials | Accompanied by 3 allies 1510 | -8/Materials | Evolved 4 slots: Propulsion x1, Utility x2, Weapon x1 1511 | -8/Materials | Identified Decoy Drone Bay 1577 | -8/Materials | Garrison activated, responded to threat 1783 | -8/Materials | Build established: Skirmisher 2445 | -8/Materials | Discovered new exit (range 18) 3280 | -8/Materials | Entered Factory 3280 | -7/Factory | Evolved 2 slots: Power x1, Utility x1 3282 | -7/Factory | FarCom data flow suspended 3606 | -7/Factory | Build established: Gunner 3607 | -7/Factory | Discovered new exit (range 5) 3711 | -7/Factory | Lost 5 parts (1p1n3w) 4308 | -7/Factory | Garrison activated, responded to threat 4837 | -7/Factory | Identified exit to Factory 5024 | -7/Factory | Identified exit to Lower Caves 5331 | -7/Factory | Build established: Tank 5367 | -7/Factory | Core integrity fell below 50% 5678 | -7/Factory | Entered Lower Caves 6254 | -7/Lower Caves | Build established: Mutant 6314 | -7/Lower Caves | Learned location of 1 exit from Factory 6394 | -7/Lower Caves | Lost 4 parts (1p2n1w) 6426 | -7/Lower Caves | Learned Factory terminal intel 6504 | -7/Lower Caves | Attracted the attention of an 0b10 checkpoint 6689 | -7/Lower Caves | Encountered a Warlord checkpoint 6695 | -7/Lower Caves | Discovered new exit (range 10) 6820 | -7/Lower Caves | Entered another Lower Caves area 6820 | -7/Lower Caves | Spotted S4-6PG(f) 6820 | -7/Lower Caves | Spotted 71-02W(f) 6821 | -7/Lower Caves | Encountered a Master Thief 6821 | -7/Lower Caves | Encountered a Master Thief 6821 | -7/Lower Caves | Superbattery stolen by Master Thief 6824 | -7/Lower Caves | Spotted MK-G4B(f) 6825 | -7/Lower Caves | Encountered a Master Thief 6825 | -7/Lower Caves | Longsword +1 stolen by Master Thief 6829 | -7/Lower Caves | Gui. Plasma Cannon stolen by Master Thief 6835 | -7/Lower Caves | Build established: Scavenger-Tank 6910 | -7/Lower Caves | Spotted B-75 Beast 6982 | -7/Lower Caves | System corruption reached 10% 7012 | -7/Lower Caves | Lost 4 parts (2p1u1w) 7108 | -7/Lower Caves | Core integrity fell below 20% 7149 | -7/Lower Caves | Learned 12 Factory zone layouts 7466 | -7/Lower Caves | Build established: Tank 7612 | -7/Lower Caves | Discovered new exit (range 8) 7620 | -7/Lower Caves | Entered Zion 7654 | -7/Zion | Given the Hacking Drone Bay 7663 | -7/Zion | Found Prototype Device 7710 | -7/Zion | System corruption cleaned by Quarantine Array 7764 | -7/Zion | Discovered new exit (range 10) 8089 | -7/Zion | Build established: Mutant 8390 | -7/Zion | Attacked by Zionites 8448 | -7/Zion | Identified Hacking Drone Bay 8525 | -7/Zion | Lost 6 parts (1n2u3w) 8558 | -7/Zion | Released all parts (9) 8559 | -7/Zion | Destroyed by GM-MQ2(z) with Makeshift Laser Last Messages --------------- 08547_ PZ-CAG(z) pulls a Unknown Energy Gun out of the Twisted Machinery. 08550_ PQ-U5U(z) pulls a Mak. Spear out of the Twisted Machinery. 08551_ GM-MQ2(z) emerges from the Twisted Machinery. 08552_ GM-MQ2(z) pulls a Unknown Energy Gun out of the Twisted Machinery. 08554_ Critical hit (Burn: +37). 08555_ System corrupted: Matter fused (-5). 08556_ PZ-CAG(z) heat damages Mak. Leg. 08557_ Enh. Flamer destroyed. 08557_ Imp. Treads destroyed. 08558_ Released Imp. Deuterium Engine. 08558_ Released Mak. Power Source. 08558_ Released Adv. Heat Sink. 08558_ Released Gauss Rifle. 08558_ Released Arm. Wheel. 08558_ Released Hacking Suite. 08558_ Released Med. Storage Unit. 08558_ Released Lgt. Treads. 08558_ Released Hacking Drone Bay. 08558_ Acquired Lgt. Treads. 08559_ Lgt. Treads destroyed. Map ----- +----------------------------------------------------+ | ?????????????????????????????????????????????????? | | ?????????????????????????????????????????????????? | | ?????????????????????????????????????????????????? | | ?????????????????????????????????????????????????? | | ?????????????????????????????????????????????????? | | ?????????????????????????????????????????????????? | | ?????????????????????????????????????????????????? | | ?????????????????????????????????????????????????? | | ?????????????????????????????????????????????????? | | ?????????????????????????????????????????????????? | | ?????????????????????????????????????????????????? | | ?????????????????????????????????????????????????? | | ?????????????????????????????????????????????????? | | ?????????????????????????????????????????????????? | | ?????????????????????????????????????????????????? | | ?????????????????????????###?????????????????????? | | ???????????????????????"#""#"#???????????????????? | | ???????????????????????" " ""#???????????????????? | | ???????????????????????? "#???????????????????? | | ???????????????#####???? "#???????????????????? | | ????????????####""""???? #????????????????????? | | ????????????#"#""""####"" ""#???????????????????? | | ?????????####"""" ""#"# ####"#??????????????? | | ?????????"""#"" """" " """""?????????????? | | ?????????#"""" "" "" """"""""?????????? | | ?????????""" z @!/ "???????? | | ???????###"" !=** = "???????? | | ???????#"#" z z[= !%= """??????????? | | ??######""" "" zz */ """??????????? | | ???"""##"""""" "z"" ""??????????? | | ???#"""#?#" """"""" "" "?????????? | | ???" X ###" %"""""""" "" ?????????? | | ???# "##" [ = """" ""#"" ?????????? | | ??## " "" * """ "#"" ? ?????????? | | ??"! ] "" """" ""?????????????? | | ??"/ "" """" ""#?????????????? | | ??# "" """ "" %! """" """?????????????? | | """"""""""""" "" = ""??????????????? | | #"#"""#"#######"" ""??????????????? | | ##"######?????##"" "" """??????????????? | | ?##??????????##"""" """""" ??????????????? | | ?????????????#""""" """"" ???????????????? | | ?????????#####"" """" $ ??????????????? | | ???????###"#""" """ """"??????????????? | | ???????#"""#""""""" """" """""?????????????? | | ??????##"""""""""""" """" """??????????????? | | ??????#""" """ """?????????????? | | ???####"" """" """" "?????????????? | | ???#]]# " """" """ "" ""??????????????? | | ??## " """" "" #""""???????????????? | +----------------------------------------------------+ Best States ------------- Heat Dissipation 62 Energy Generation 28 Energy Capacity 490 Matter Stores 300 Matter Capacity 300 Sight Range 16 Terrain Scan Range 16 Terrain Scan Density 10 Armor Coverage 450 Evasion (%) 55 Targeting Accuracy 5 Recoil Reduction 2 Offensive Hacking 10 Item Schematics ----------------- Mak. Shrapnel Gun | -7/Zion | Archive Adv. Heat Sink | -7/Zion | Archive 0b10 Decoder Chip [Scout] | -7/Zion | Archive Lightning Gun | -7/Zion | Archive Mak. Cloaking Device | -7/Zion | Archive Force Booster | -7/Zion | Archive Imp. Arc Projector | -7/Zion | Archive Mak. System Shield | -7/Zion | Archive Fusion Compressor | -7/Zion | Archive Med. Treads | -7/Zion | Archive Power Amplifier | -7/Zion | Archive Mak. Axe | -7/Zion | Archive Mak. Salvage Targeting Computer | -7/Zion | Archive Adv. Field Recycling Unit | -7/Zion | Archive Robot Schematics ------------------ T-07 Excavator | -7/Zion | Archive L-41 Fighter | -7/Zion | Archive H-77 Assassin | -7/Zion | Archive Fabricated ------------ Nothing Alien Tech Used ----------------- None Achievements -------------- None Challenges ------------ None Game ------ Seed AerolevRegenerativeBay Manual? 0 Play Time 01:25:27 Cumulative 199.6 hours Start 2023.03.05 @ 12:31:06 End 2023.03.06 @ 17:50:55 Sessions 3 Manual Loads 0 Difficulty Rogue Special Mode None Game No. 71 Rogue 71 Adventurer 0 Explorer 0 Win Type - Total 5 Types 4/0/0/1/0/0/0/0/0 Lore% 57 Gallery% 69 Achievement% 52 Wizard Run 0 Options --------- ASCII 0 Keyboard 0 Movement Vi Keybinds 0 Fullscreen 1 Font 12/Terminus Map View 76x56 Tactical HUD 1 Map Filters NONE Filters NONE Steam 1 RUN: 404549d1-e61c-4924-97fe-e801cca6f5e0